 Dungeon Crawl Stone Soup version 0.27-a0-1144-g0b7d3b79db (webtiles) character file.

Game seed: 13059158944016853296

1367 robertstho the Covert (level 8, -1/54 (55) HPs)
             Began as an Octopode Berserker on May 10, 2021.
             Was an Elder of Trog.
             Slain by a centaur zombie (5 damage)
             ... on level 6 of the Dungeon.
             The game lasted 00:07:06 (5838 turns).

robertstho the Covert (Octopode Berserker)          Turns: 5838, Time: 00:07:06

HP:   -1/54 (55)    AC:  1    Str: 16    XL:     8   Next: 65%
MP:   8/8           EV: 15    Int: 10    God:    Trog [****..]
Gold: 254           SH:  5    Dex: 13    Spells: 7/7 levels left

rFire    x . .     SeeInvis .   c - +3 dagger (drain)
rCold    + + .     Faith    .   (no shield)
rNeg     + . .     Spirit   .   (helmet restricted)
rPois    .         Reflect  +   g - amulet of reflection
rElec    .         Harm     .   e - ring of protection from cold
rCorr    .         Rampage  .   m - ring "Kucit" {Ice rN+}
Will     .....                  (no ring)
Stlth    +++++.....             (no ring)
HPRegen  0.18/turn              (no ring)
MPRegen  0.11/turn              (no ring)
                                (no ring)
                                (no ring)

@: mighty, marked, on berserk cooldown, mesmerised, slowed, lightly drained,
very slow
A: almost no armour, amphibious, 8 rings, camouflage 1, gelatinous body 1,
(nimble swimmer 1), tentacles
a: Renounce Religion, Berserk, Trog's Hand, Brothers in Arms


You were on level 6 of the Dungeon.
You worshipped Trog.
Trog was greatly pleased with you.
You visited 1 branch of the dungeon, and saw 6 of its levels.

You collected 254 gold pieces.

Inventory:

Hand Weapons
 c - a +3 dagger of draining (weapon)
 i - a +4 dagger
Missiles
 o - 6 atropa-tipped darts
Jewellery
 e - a ring of protection from cold (left tentacle)
 g - an amulet of reflection (around mantle)
 h - an amulet of regeneration
 m - the ring "Kucit" (right tentacle) {Ice rN+}
   (You found it on level 4 of the Dungeon)

   [ring of ice]

   It enhances your ice magic.
   It makes you vulnerable to fire.
   It protects you from cold.
   It protects you from negative energy.
 s - an amulet of magic regeneration
Scrolls
 a - a scroll of enchant armour
 d - 4 scrolls of teleportation
Potions
 b - a potion of mutation
 f - 2 potions of curing {unknown}
 j - 2 potions of cancellation {unknown}
 k - 3 potions of haste {unknown}
 l - a potion of heal wounds {unknown}
 n - a potion of invisibility {unknown}
 p - a potion of berserk rage {unknown}
 q - a potion of brilliance {unknown}


   Skills:
 * Level 5.2 Fighting
 + Level 5.0 Short Blades
 * Level 5.7 Dodging
 * Level 9.2 Stealth
 + Level 1.6 Shields


You had 7 spell levels left.
You didn't know any spells.
Your spell library was empty.

Dungeon Overview and Level Annotations

Branches:
Dungeon (6/15)
 Temple: D:4-7

Altars:
Fedhas
Kikubaaqudgha
Yredelemnul
The Shining One

Shops:
D:4 [

Annotations:
D:6 Maggie


Innate Abilities, Weirdness & Mutations

You cannot wear most types of armour.
You are amphibious.
You can wear up to eight rings at the same time.
Your skin changes colour to match your surroundings (Stealth+).
Your rubbery body absorbs attacks. (AC +1, EV +1)
((You are camouflaged near water. (Stealth+)))
You have tentacles for arms and can constrict up to eight enemies at once.


Message History

The gnoll is heavily wounded.
You hit the gnoll shaman. Your grab misses the gnoll shaman.
The gnoll shaman is lightly wounded.
The centaur zombie barely misses you. You block the centaur zombie's attack.
The gnoll barely misses you.
You hit the gnoll shaman. You drain the gnoll shaman.
You grab the gnoll shaman. You squeeze the gnoll shaman!
You kill the gnoll shaman!
Trog accepts your kill. You block the centaur zombie's attack.
The centaur zombie barely misses you.
Your Short Blades skill increases to level 5!
You are no longer berserk.
You are exhausted.
You feel yourself slow down.
A gnoll comes into view. It is wielding a +0 halberd.
A necrophage comes into view.
The gnoll misses you.
Things that are here:
a +0 club; a +0 robe; a gnoll corpse A gnoll comes into view.
It is wielding a +0 whip.
The gnoll closely misses you. x2
A gnoll comes into view. It is wielding a +0 halberd.
You block the gnoll's attack. x3
A gnoll comes into view. It is wielding a +0 flail.
Maggie mumbles some strange words.
Maggie attempts to bespell you!
You are mesmerised by Maggie!
The gnoll hits you but does no damage.
The gnoll hits you with a +0 flail of draining!
* * * LOW HITPOINT WARNING * * *
You partially resist.
You feel drained.
* * * LOW HITPOINT WARNING * * *
The centaur zombie barely misses you. The centaur zombie misses you.
The gnoll closely misses you.
There is a stone staircase leading up here.
You cannot move away from Maggie!
It was a potion of might.
You feel very mighty all of a sudden. The centaur zombie hits you.
You die...

.................
.$....< ...........
....... ..........#
......@##..#......#
... #†)..#.##...#
....#.g......g..#
.......lg.#....#
........gZ#.g..##
.#......#g@n.g..#
########.#..g..#
#..#..##... #....##
. #..### #... #...
#..


You could see Maggie (mesmerising), a necrophage, an iguana, 8 gnolls and a
centaur zombie.

Vanquished Creatures
  Eustachio (D:4)
  2 black bears
  A sky beast (D:6)
  2 phantoms
  Blork the orc (D:6)
  2 bullfrogs
  A gnoll sergeant (D:5)
  A howler monkey (D:5)
  2 jellies
  A hound (D:5)
  A bullfrog skeleton (D:5)
  An orc priest (D:5)
  A gnoll shaman (D:6)
  Jessica (D:2)
  An iguana (D:5)
  An orc wizard (D:5)
  A killer bee zombie (D:5)
  2 hound skeletons (D:5)
  6 gnolls
  5 adders
  An adder skeleton (D:2)
  A worm (D:2)
  4 dart slugs
  10 orcs
  5 bats
  5 endoplasms
  7 giant cockroaches
  16 goblins
  3 hobgoblins
  8 jackals
  7 kobolds
  4 quokkas (D:1)
  6 ball pythons
  4 frilled lizards
  5 rats
120 creatures vanquished.

Vanquished Creatures (others)
  A kobold (D:3)
  9 plants
  A withered plant (D:5)
11 creatures vanquished.

Grand Total: 131 creatures vanquished

Notes
Turn   | Place    | Note
-------+----------+-------------------------------------------
     0 | D:1      | robertstho the Octopode Berserker began the quest for the
                  | Orb.
     0 | D:1      | Reached XP level 1. HP: 16/16 MP: 1/1
   245 | D:1      | Reached XP level 2. HP: 21/21 MP: 2/2
   752 | D:1      | Reached skill level 1 in Stealth
   756 | D:1      | Reached XP level 3. HP: 25/25 MP: 3/3
   803 | D:1      | Reached ** piety under Trog
  1289 | D:2      | Noticed a bullfrog
  1297 | D:2      | Killed a bullfrog
  1298 | D:2      | Reached skill level 2 in Stealth
  1298 | D:2      | Reached XP level 4. HP: 33/33 MP: 4/4
  1302 | D:2      | Reached skill level 3 in Stealth
  1443 | D:2      | Found a faded altar of an unknown god.
  1557 | D:2      | Reached XP level 5. HP: 37/37 MP: 5/5
  1728 | D:2      | Noticed Jessica
  1735 | D:2      | Killed Jessica
  2207 | D:3      | Reached *** piety under Trog
  2553 | D:3      | Found a basalt altar of Yredelemnul.
  2569 | D:3      | Found a glowing golden altar of the Shining One.
  2584 | D:3      | Noticed an angel
  2763 | D:4      | Reached skill level 4 in Stealth
  2777 | D:4      | Noticed a black bear
  2785 | D:4      | Killed a black bear
  2786 | D:4      | Reached skill level 5 in Stealth
  2786 | D:4      | Reached XP level 6. HP: 26/43 MP: 6/6
  2906 | D:4      | Found Jaitsik's Antique Armour Shoppe.
  3082 | D:4      | Identified the ring "Kucit" {Ice rN+}
  3094 | D:4      | Noticed Eustachio
  3103 | D:4      | Killed Eustachio
  3104 | D:4      | Reached skill level 6 in Stealth
  3104 | D:4      | Reached XP level 7. HP: 49/49 MP: 7/7
  3111 | D:4      | Reached skill level 7 in Stealth
  3929 | D:5      | Entered Level 5 of the Dungeon
  4068 | D:5      | Reached **** piety under Trog
  4443 | D:5      | Reached skill level 8 in Stealth
  5140 | D:5      | Reached XP level 8. HP: 54/54 MP: 8/8
  5316 | D:5      | Reached skill level 5 in Dodging
  5353 | D:5      | Reached skill level 1 in Shields
  5489 | D:5      | Found an ancient bone altar of Kikubaaqudgha.
  5509 | D:5      | Found a blossoming altar of Fedhas.
  5810 | D:6      | Noticed Blork the orc
  5813 | D:6      | Reached skill level 9 in Stealth
  5816 | D:6      | Reached skill level 5 in Fighting
  5821 | D:6      | Killed Blork the orc
  5828 | D:6      | Noticed Maggie
  5835 | D:6      | Reached skill level 5 in Short Blades
  5838 | D:6      | Slain by a centaur zombie

Illustrated notes

Levels and vault maps discovered:
D:1:      lightli_arrival_quake, layout_loops_cross
D:2:      layout_basic, basic_ecumenical_altar, small_statue_intersection,
          uniq_crazy_yiuf_cottage, uniq_jessica
D:3:      layout_rooms, grunt_temple_overflow_holy_war
D:4:      layout_basic, serial_forest, infiniplex_forest_lined_room_3,
          infiniplex_forest_straight_4, infiniplex_forest_clump_double,
          infiniplex_forest_split, infiniplex_forest_clump_curved,
          infiniplex_forest_clump_medium, infiniplex_forest_straight_2,
          infiniplex_forest_side_room, serial_shops, shop, nrook_loot_triangle,
          uniq_eustachio
D:5:      layout_basic, grunt_temple_overflow_growth_and_decay,
          minmay_crystal_water
D:6:      layout_cave_pools, lemuel_round_altar, kennysheep_doodads,
          kennysheep_generic_room_2, uniq_blork_the_orc, uniq_maggie

Skill      XL: |  1  2  3  4  5  6  7  8 |
---------------+-------------------------+-----
Stealth        | 1 2 3 5 6 8 9 |  9.2
Dodging        | 4 5 |  5.7
Fighting       | 4 5 |  5.2
Short Blades   | 4 5 |  5.0
Shields        | 1 |  1.6

Action                   |  1- 3 |  4- 6 |  7- 9 || total
-------------------------+-------+-------+-------++-------
Melee: Short sword       |    11 |       |       ||    11
       Constrict         |    13 |    19 |    18 ||    50
       Tentacles         |     4 |    11 |    25 ||    40
       Dagger            |    42 |    88 |   111 ||   241
Invok: Berserk           |     4 |     4 |     5 ||    13
  Use: Scroll            |       |     3 |     3 ||     6
       Potion            |       |       |     1 ||     1
 Stab: Sleeping          |     6 |    14 |     1 ||    21
Armor: Skin              |     2 |     2 |     8 ||    12
Dodge: Dodged            |    30 |    45 |    50 ||   125
Block: Other             |       |    11 |    23 ||    34
       Reflection        |       |       |     1 ||     1

Table legend: (Time is in decaauts)
 A = Elapsed time spent in this place.
 B = Non-inter-level travel time spent in this place.
 C = Inter-level travel time spent in this place.
 D = Time resting spent in this place.
 E = Time spent auto-exploring this place.
 F = Levels seen in this place.
 G = Mean time per level.
                   A        B        C        D        E       F      G
               +--------+--------+--------+--------+--------+-----+--------+
         Total |   5897 |   5770 |    127 |   1119 |   3901 |   6 |  982.8 |
       Dungeon |   5897 |   5770 |    127 |   1119 |   3901 |   6 |  982.8 |
               +--------+--------+--------+--------+--------+-----+--------+

Top non-repeatable levels by time:
     D:5: 1895 daAuts
     D:1: 1291 daAuts
     D:4: 1182 daAuts
     D:2: 955 daAuts
     D:3: 550 daAuts
     D:6: 22 daAuts
